Map: Mothership LE

Players

ShoWTimE

  • Race: Protoss Protoss
  • League: Master
  • Spawn Location: 1:00

HeroMarine - Winner!

  • Race: Terran Terran
  • Spawn Location: 6:00

VOD

Have the link to the VOD?

Description

Time

  • Played on: Feb. 1, 2026, 2:32 p.m.
  • Length: 12:55
Show
View Real Time Build Order
Export as new Build Order

ShoWTimE Protoss 

Build Orders: 1 Gate Expand, Phoenix Opening, Blink Stalkers 

Get SALT Encoding   

  12  0:00  Probe  
  13  0:12  Probe  
  14  0:17  Pylon  
  14  0:24  Probe  
  15  0:32  Probe  
  15  0:36  Gateway  
  15  0:40  Probe  
  16  0:47  Assimilator  
  17  0:50  Probe  
  18  1:03  Probe  
  19  1:15  Probe  
  20  1:23  Nexus  
  20  1:33  Cybernetics Core  
  20  1:36  Probe  
  21  1:41  Assimilator  
  21  1:48  Probe  
  21  1:51  Pylon  
  22  1:57  Stalker  
  22  2:00  Probe  
  23  2:09  Warp Gate  
  23  2:12  Probe  
  26  2:24  Probe  
  26  2:26  Phoenix, Sentry  
  29  2:34  Probe  
  29  2:36  Probe  
  31  2:42  Twilight Council, Probe  
  31  2:48  Probe  
  31  2:49  Stalker  
  31  2:50  Probe, Blink  
  36  3:00  Probe  
  36  3:02  Probe  
  36  3:04  Gateway  
  38  3:09  Gateway  
  39  3:12  Probe  
  39  3:14  Probe  
  40  3:24  Probe  
  40  3:26  Probe  
  42  3:28  Pylon, Phoenix  
  42  3:37  Probe  
  42  3:38  Robotics Facility, Probe  
  44  3:49  Probe  
  45  3:55  Nexus  
  45  3:58  Probe  
  45  4:02  Pylon  
  46  4:04  Stalker  
  46  4:08  Stalker  
  50  4:13  Stalker  
  50  4:15  Probe  
  50  4:16  Probe  
  54  4:19  Assimilator  
  54  4:24  Pylon  
  54  4:25  Observer  
  54  4:27  Probe  
  54  4:28  Probe  
  57  4:39  Probe  
  57  4:40  Probe, Stalker  
  57  4:43  Pylon  
  57  4:44  Stalker  
  63  4:47  Stalker  
  63  4:51  Probe  
  63  4:52  Charge, Probe  
  67  4:56  Forge  
  67  4:58  Shield Battery  
  67  5:03  Probe  
  68  5:07  Stalker x2  
  68  5:09  Probe  
  68  5:13  Probe  
  74  5:15  Probe  
  74  5:19  Stalker  
  77  5:21  Probe  
  77  5:25  Probe  
  77  5:28  Probe  
  80  5:29  Gateway  
  80  5:33  Probe  
  81  5:37  Stalker x2  
  81  5:40  Shield Battery  
  81  5:41  Probe  
  86  5:46  Probe, Stalker  
  86  5:49  Probe  
  90  5:50  Gateway  
  90  5:53  Observer, Probe  
  90  6:03  Stalker  
  90  6:04  Probe  
  93  6:10  Stalker  
  93  6:13  Gateway, Probe  
  93  6:14  Probe  
  93  6:16  Gateway  
  89  6:18  Stalker  
  89  6:19  Gateway  
  89  6:20  Pylon  
  87  6:26  Pylon, Stalker x2  
  87  6:29  Probe  
  87  6:34  Pylon  
  85  6:44  Zealot x2  
  86  6:48  Pylon  
  86  6:50  Zealot  
  88  6:55  Gateway  
  88  6:56  Gateway  
  88  6:59  Gateway  
  88  7:00  Protoss Ground Weapons Level 1, Zealot  
  88  7:01  Pylon  
  83  7:04  Zealot  
  83  7:05  Zealot  
  83  7:13  Stalker x2  
  83  7:15  Probe  
  76  7:17  Probe  
  76  7:20  Stalker x2  
  76  7:21  Probe  
  76  7:27  Probe  
  76  7:29  Robotics Facility, Probe  
  76  7:32  Zealot x2  
  76  7:33  Probe  
  76  7:35  Assimilator  
  81  7:43  Photon Cannon, Probe x2  
  83  7:45  Sentry, Zealot x3  
  83  7:50  Pylon  
  91  7:53  Observer, Nexus  
  91  7:55  Zealot x3  
  96  8:06  Probe  
  96  8:10  Observer  
  96  8:12  Zealot x5  
  103  8:13  Zealot  
  103  8:16  Pylon  
  103  8:18  Robotics Bay  
  105  8:29  Stalker x3  
  109  8:35  Probe  
  109  8:37  Observer  
  109  8:38  Probe x2  
  113  8:43  Zealot x5  
  113  8:48  Probe, Colossus  
  124  8:49  Pylon  
  124  8:50  Probe, Pylon  
  124  8:54  Shield Battery  
  125  8:57  Pylon  
  125  9:01  Protoss Ground Armor Level 1  
  125  9:08  Forge  
  129  9:12  Zealot x2  
  127  9:19  Zealot x4  
  132  9:28  Sentry  
  132  9:29  Zealot  
  131  9:33  Pylon  
  131  9:38  Zealot x3, Colossus  
  111  9:47  Nexus  
  111  9:48  Zealot x2  
  101  10:01  Sentry x2  
  101  10:02  Zealot x2  
  103  10:07  Zealot x2  
  103  10:09  Zealot  
  103  10:13  Zealot  
  102  10:15  Colossus  
  94  10:27  Zealot x3  
  105  10:36  Probe x3  
  108  10:43  Sentry, Zealot x4  
  108  10:48  Probe  
  108  10:49  Sentry  
  121  10:50  Zealot x2  
  121  10:51  Sentry  
  121  10:53  Colossus  
  121  10:56  Extended Thermal Lance  
  127  11:10  Zealot x3  
  139  11:15  Stalker  
  141  11:19  Stalker  
  141  11:22  Pylon  
  141  11:24  Probe x2  
  145  11:26  Stalker x2  
  149  11:34  Twilight Council  
  149  11:40  Nexus  
  149  11:42  Zealot x2  
  149  11:46  Colossus  
  153  11:47  Pylon  
  153  12:01  Stalker  
  155  12:04  Zealot x4  
  155  12:07  Pylon  
  163  12:11  Zealot x2  
  153  12:25  Stalker x2, Zealot x4  
  153  12:26  Zealot  
  143  12:32  Stalker x2  
  111  12:49  Zealot x6  
Show
View Real Time Build Order
Export as new Build Order

HeroMarine Terran - Winner!

Build Orders: Banshee Rush 

Get SALT Encoding   

  12  0:00  SCV  
  13  0:12  SCV  
  14  0:17  Supply Depot  
  14  0:24  SCV  
  15  0:39  SCV  
  15  0:41  Barracks  
  16  0:44  Refinery  
  16  0:51  SCV  
  17  1:03  SCV  
  18  1:15  SCV  
  19  1:28  Marine, Orbital Command  
  20  1:40  Command Center  
  20  1:46  Barracks Reactor  
  20  1:50  Supply Depot  
  20  1:54  SCV  
  21  2:06  SCV  
  22  2:08  Factory  
  22  2:13  Refinery  
  22  2:18  SCV  
  22  2:22  Marine x2  
  25  2:30  SCV  
  26  2:40  Marine x2  
  26  2:42  SCV  
  29  2:51  Orbital Command  
  29  2:53  Starport  
  29  2:54  Factory Tech Lab, SCV  
  29  2:57  Marine  
  31  2:59  Marine  
  32  3:06  SCV  
  32  3:12  Cyclone  
  36  3:18  SCV  
  36  3:19  SCV  
  38  3:22  Marine x2  
  38  3:25  Supply Depot  
  40  3:29  Refinery  
  40  3:30  SCV  
  40  3:31  SCV  
  42  3:41  Marine x2  
  42  3:42  SCV  
  42  3:44  SCV  
  42  3:47  Banshee  
  49  3:49  Cloaking Field  
  49  3:50  Factory Tech Lab  
  49  3:55  SCV  
  50  3:57  Supply Depot, SCV  
  51  4:02  Supply Depot  
  51  4:08  Siege Tank  
  54  4:18  Marine x2, SCV x2  
  58  4:26  Supply Depot  
  58  4:30  Banshee, SCV x2  
  63  4:36  Marine x2  
  65  4:40  Siege Tank  
  65  4:42  Supply Depot, SCV x2  
  70  4:52  Barracks  
  70  4:54  Marine x2, SCV  
  70  4:55  SCV  
  74  5:01  Barracks  
  74  5:07  SCV x2  
  76  5:11  Marine x2  
  76  5:12  Siege Tank  
  76  5:14  Supply Depot  
  81  5:18  Banshee  
  81  5:19  SCV x2  
  86  5:25  Engineering Bay  
  86  5:26  Supply Depot  
  86  5:31  SCV  
  86  5:33  SCV  
  86  5:38  Marine x2  
  88  5:43  SCV  
  88  5:45  SCV  
  90  5:51  Terran Infantry Weapons Level 1, Supply Depot  
  90  5:54  Barracks Tech Lab, Refinery  
  90  5:55  SCV  
  88  5:57  SCV  
  88  5:58  Stimpack, Marauder  
  88  6:03  Factory Reactor  
  88  6:07  SCV  
  88  6:09  Marine x2, SCV  
  91  6:17  Starport Reactor  
  89  6:20  Marauder  
  89  6:22  Marauder  
  93  6:27  Command Center  
  93  6:32  Marine x2  
  94  6:33  SCV  
  94  6:34  SCV  
  94  6:36  Barracks  
  94  6:38  Barracks  
  96  6:41  Marauder  
  96  6:44  Marauder  
  97  6:48  Widow Mine  
  97  6:49  Widow Mine, Marine  
  97  6:50  Marine  
  98  7:03  Marauder  
  98  7:04  SCV x2  
  98  7:05  Supply Depot, Marauder  
  98  7:07  Marine x2  
  89  7:23  Widow Mine x2  
  89  7:24  Marauder, Medivac x2  
  89  7:25  Barracks Reactor, Barracks Tech Lab, Marine x2  
  89  7:26  Combat Shield  
  89  7:27  Marauder  
  100  7:30  SCV x2  
  102  7:43  Marine x2  
  105  7:44  Concussive Shells  
  105  7:45  Marauder x2  
  105  7:46  Terran Infantry Armor Level 1  
  105  7:48  Marauder  
  105  7:50  Widow Mine  
  105  7:51  Widow Mine  
  114  7:54  Medivac x2  
  118  7:59  SCV x2  
  118  8:01  Supply Depot  
  120  8:06  Marauder  
  120  8:07  Marauder  
  120  8:08  Marine x2  
  120  8:11  Marauder, SCV  
  120  8:12  Marine x2  
  129  8:14  Orbital Command  
  129  8:15  SCV  
  129  8:23  SCV  
  124  8:27  Marauder  
  124  8:28  SCV  
  124  8:29  Marine x2  
  124  8:31  Marauder  
  125  8:35  SCV  
  125  8:37  Marauder  
  125  8:38  Medivac x2  
  125  8:39  Widow Mine  
  125  8:40  Widow Mine, SCV  
  137  8:41  Marine  
  137  8:42  Marine  
  137  8:44  Supply Depot  
  137  8:47  Command Center  
  137  8:49  Marauder  
  137  8:53  Marauder  
  137  8:54  Armory  
  141  8:58  Engineering Bay  
  141  9:01  Supply Depot x2  
  141  9:05  Marine x4  
  141  9:06  Marauder  
  141  9:07  Supply Depot  
  147  9:11  Widow Mine x2  
  149  9:19  Marauder  
  149  9:20  Marauder  
  149  9:22  SCV  
  149  9:23  SCV x2, Marine x4  
  155  9:27  Marauder  
  156  9:34  SCV  
  156  9:35  SCV x2  
  156  9:36  Widow Mine  
  151  9:41  Marauder  
  151  9:42  Marauder  
  151  9:45  Widow Mine  
  144  9:49  Marine x2, Marauder  
  144  9:50  Marine x2  
  143  9:57  Widow Mine, Viking x2  
  143  9:58  Terran Infantry Weapons Level 2  
  143  10:02  Marauder, Marine  
  143  10:03  Terran Infantry Armor Level 2  
  143  10:10  Marauder, Marine x2  
  143  10:11  Refinery x2  
  143  10:12  SCV  
  143  10:13  SCV  
  149  10:21  Marauder  
  143  10:22  Widow Mine x2  
  143  10:23  Marauder  
  143  10:25  Marine  
  143  10:26  Marine  
  149  10:29  Planetary Fortress  
  149  10:31  Marauder  
  148  10:37  SCV x2  
  148  10:38  SCV  
  148  10:40  Marine x2  
  148  10:42  Marauder  
  155  10:43  Marine  
  155  10:45  Terran Ship Weapons Level 1, Marauder, Viking  
  155  10:48  Viking  
  155  10:49  Starport  
  162  10:52  Sensor Tower  
  162  10:54  Marauder, Marine  
  165  11:04  Marauder  
  163  11:06  Barracks  
  163  11:08  Barracks  
  163  11:09  Barracks  
  163  11:11  SCV x3  
  164  11:14  Ghost Academy  
  164  11:15  Medivac  
  164  11:16  Marauder  
  164  11:17  Marauder  
  164  11:18  Medivac  
  174  11:22  Bunker, Marine x3  
  174  11:25  Marine  
  176  11:31  Viking x2  
  181  11:40  Supply Depot, Marauder x3  
  187  11:55  Command Center  
  187  11:59  Viking x2  
  189  12:01  Marauder  
  189  12:02  Marauder  
  189  12:03  Barracks Tech Lab  
  189  12:04  Barracks Tech Lab x2  
  189  12:05  Ghost  
  193  12:22  Ghost x2, Viking  
  193  12:24  Marauder  
  193  12:25  Marine x2, Marauder  
  193  12:29  Marauder  
Tags
 
Add a new tag
Caveats
  • Supply blocks, unpowered buildings, or Contaminate may cause inaccurate times.
  • Supply counts are checked every 10 seconds.